Map: Prion Terraces

Players

scarface

  • Race: Terran Terran
  • League: Bronze

juhyg - Winner!

  • Race: Zerg Zerg
  • League: Bronze

VOD

Have the link to the VOD?

Description

Time

  • Played on: Jan. 28, 2016, 12:17 a.m.
  • Length: 4:15
Show
View Real Time Build Order
Export as new Build Order

scarface Terran 

Build Orders:  

Get SALT Encoding   

  12  0:13  SCV  
  13  0:14  Supply Depot  
  13  0:23  Refinery  
  13  0:26  SCV  
  14  0:35  Refinery  
  14  0:39  SCV  
  15  0:56  SCV  
  16  0:57  Barracks  
  16  1:09  SCV  
  17  1:16  Supply Depot  
  17  1:21  SCV  
  18  1:47  Orbital Command, Barracks  
  18  1:53  Barracks Reactor  
  18  2:06  Factory  
  18  2:18  Barracks  
  18  2:29  Reaper x2  
  21  2:37  SCV  
  21  2:48  Barracks Reactor  
  21  3:01  Reaper x2  
  22  3:26  Marine x2  
  24  3:28  Barracks Reactor  
  24  3:33  Reaper  
  24  3:44  Marine x2  
Show
View Real Time Build Order
Export as new Build Order

juhyg Zerg - Winner!

Build Orders: Pool Only 

Get SALT Encoding   

  12  0:18  Spawning Pool  
  11  0:22  Drone  
  12  0:30  Overlord  
  12  0:37  Drone  
  12  0:40  Drone  
  14  0:49  Overlord  
  14  0:57  Drone  
  15  1:06  Queen  
  17  1:13  Extractor  
  17  1:14  Drone  
  17  1:17  Zergling x2  
  18  1:30  Zergling x2  
  19  1:41  Zergling x2  
  20  1:50  Zergling x2  
  21  1:58  Drone  
  22  2:13  Zergling x2  
  23  2:17  Zergling x2  
  23  2:18  Zergling x4  
  23  2:20  Metabolic Boost  
  26  2:30  Zergling x2  
  27  2:43  Zergling x2  
  28  2:48  Zergling x4  
  28  2:50  Overlord x2  
  29  3:33  Zergling x2  
  29  3:34  Zergling x8  
Tags
 
Add a new tag
Caveats
  • Supply blocks, unpowered buildings, or Contaminate may cause inaccurate times.
  • Supply counts are checked every 10 seconds.